 Dungeon Crawl Stone Soup version 0.26.1-11-gd32895ea62 (webtiles) character file.

Game seed: 16195389309330447792

1056 diana the Skirmisher (level 8, -5/64 HPs)
             Began as a Demonspawn Gladiator on Apr 17, 2021.
             Slain by an ogre
             ... wielding a +0 giant club
              (26 damage)
             ... on level 6 of the Dungeon.
             The game lasted 00:06:13 (7572 turns).

diana the Skirmisher (Demonspawn Gladiator)         Turns: 7572, Time: 00:06:13

Health: -5/64      AC:  9    Str: 15    XL:     8   Next: 6%
Magic:  8/8        EV: 15    Int: 12    God:
Gold:   332        SH:  0    Dex: 14    Spells: 7/7 levels left

rFire    + . .     SeeInvis .   a - +0 quarterstaff
rCold    . . .     Faith    .   (shield currently unavailable)
rNeg     . . .     Spirit   .   s - +3 leather armour
rPois    .         Reflect  .   c - +0 helmet
rElec    .         Harm     .   (no cloak)
rCorr    .         Rampage  .   l - +0 pair of gloves
Will     .....                  w - +0 pair of boots
Stlth    +.........             (no amulet)
HPRegen  0.20/turn              v - ring of flight
MPRegen  0.11/turn              (no ring)

@: mighty
A: hooves 1, fire resistance 1, powered by pain 3, evolution 1, flame cloud
immunity
a: Evoke Flight


You were on level 6 of the Dungeon.
You visited 2 branches of the dungeon, and saw 7 of its levels.

You collected 332 gold pieces.

Inventory:

Hand Weapons
 a - a +0 quarterstaff (weapon)
Missiles
 j - 2 throwing nets (quivered)
Armour
 c - a +0 helmet (worn)
 l - a +0 pair of gloves (worn)
 s - a +3 leather armour (worn)
 w - a +0 pair of boots (worn)
Jewellery
 v - a ring of flight (left hand)
Wands
 b - a wand of acid (6)
 o - a wand of random effects (21)
Scrolls
 d - a scroll of fear {unknown}
 e - a scroll of enchant armour {unknown}
 f - 4 scrolls of remove curse {unknown}
 g - 3 scrolls of blinking {unknown}
 h - a scroll of immolation {unknown}
 k - 4 scrolls of identify {unknown}
 m - 2 scrolls of fog {unknown}
 q - a scroll of amnesia {unknown}
 r - 2 scrolls of random uselessness {unknown}
 t - 2 scrolls of teleportation {unknown}
 u - 2 scrolls of magic mapping {unknown}
 y - a scroll of enchant weapon {unknown}
Potions
 i - 2 potions of lignification
 n - a potion of mutation
 p - a potion of brilliance
 x - 2 potions of curing
 z - a potion of might {unknown}
 A - a potion of cancellation


   Skills:
 + Level 5.7 Fighting
 + Level 5.6 Staves
 - Level 1.7 Throwing
 + Level 5.6 Dodging


You had 7 spell levels left.
You didn't know any spells.
Your spell library was empty.

Dungeon Overview and Level Annotations

Branches:
Dungeon (6/15)             Temple (1/1) D:4

Altars:
Ashenzari
Cheibriados
Dithmenos
Elyvilon
Fedhas
Kikubaaqudgha
Makhleb
Okawaru
Qazlal
Ru
Sif Muna
Trog
Uskayaw
Vehumet
Wu Jian
Xom
Yredelemnul
The Shining One

Shops:
D:5 [

Annotations:
D:4 2 transporters, Torikoriko's ghost, weakling PaDe


Innate Abilities, Weirdness & Mutations

Your flesh is heat resistant. (rF+)
You are powered by pain.
You are immune to clouds of flame.
You have large cloven feet.
You evolve.


Message History

You are too injured to fight recklessly!
You are too injured to fight recklessly!
You are too injured to fight recklessly!
You are too injured to fight recklessly!
You are too injured to fight recklessly!
You are too injured to fight recklessly!
You are too injured to fight recklessly!
You are too injured to fight recklessly!
You are too injured to fight recklessly!
You are too injured to fight recklessly!
You are too injured to fight recklessly!
You hit the ogre.
The ogre is heavily wounded.
The ogre misses you.
You hit the ogre.
The ogre is severely wounded.
You barely miss the ogre.
The ogre is severely wounded.
The ogre hits you with a +0 giant club!!
You die...

#. #. #. #^ #.### ... ####
#.# .....####@############
........#O#..........#####
#................(........
.>.......................#
....#....>#..........###.#
... #....<#..........# #.#
. #.....#..........# #.#
#.....#..........# #.#
#.....############ #..


You could see an ogre.

Vanquished Creatures
  A black bear (D:6)
  An ogre (D:5)
  A centaur (D:5)
  Blork the orc (D:5)
  A wyvern skeleton (D:6)
  A scorpion (D:4)
  2 howler monkeys
  2 jellies (D:6)
  3 orc priests
  6 orc wizards
  Ijyb (D:5)
  An iguana (D:5)
  A worker ant (D:4)
  A hound zombie (D:6)
  2 hound skeletons
  2 adders
  A white imp (D:5)
  An adder skeleton (D:4)
  4 worms
  3 leopard geckos
  18 orcs
  3 ball pythons
  3 bats
  2 giant cockroaches
  4 goblins
  3 hobgoblins
  4 jackals (D:3)
  4 kobolds
  A quokka (D:3)
  4 frilled lizards
  16 rats
98 creatures vanquished.

Notes
Turn   | Place    | Note
-------+----------+-------------------------------------------
     0 | D:1      | diana the Demonspawn Gladiator began the quest for the Orb.
     0 | D:1      | Reached XP level 1. HP: 16/16 MP: 1/1
   641 | D:1      | Gained mutation: Your flesh is heat resistant. (rF+)
                  | [demonic ancestry]
   641 | D:1      | Reached XP level 2. HP: 22/22 MP: 2/2
  2163 | D:2      | Gained mutation: You are immune to clouds of flame.
                  | [demonic ancestry]
  2163 | D:2      | Reached XP level 3. HP: 20/28 MP: 3/3
  3525 | D:3      | Reached XP level 4. HP: 29/34 MP: 4/4
  3753 | D:3      | Found a sacrificial altar of Ru.
  4331 | D:4      | Found a staircase to the Ecumenical Temple.
  4376 | Temple   | Entered the Ecumenical Temple
  4537 | D:4      | Found a transporter.
  4537 | D:4      | Noticed Torikoriko's ghost (weakling PaDe)
  4621 | D:4      | Gained mutation: You sometimes gain a little power by
                  | taking damage. [demonic ancestry]
  4621 | D:4      | Reached XP level 5. HP: 41/41 MP: 5/5
  4902 | D:4      | Gained mutation: You sometimes gain power by taking damage.
                  | [demonic ancestry]
  4902 | D:4      | Reached XP level 6. HP: 44/48 MP: 6/6
  5316 | D:4      | Found a transporter.
  5675 | D:5      | Entered Level 5 of the Dungeon
  5825 | D:5      | Found a broken altar of Ashenzari.
  5828 | D:5      | Noticed Blork the orc
  5837 | D:5      | Gained mutation: You are powered by pain. [demonic
                  | ancestry]
  5837 | D:5      | Reached XP level 7. HP: 46/55 MP: 7/7
  5848 | D:5      | Killed Blork the orc
  5988 | D:5      | Reached skill level 5 in Dodging
  5998 | D:5      | Reached skill level 5 in Staves
  6167 | D:5      | Found Qossidwitot's Armour Boutique.
  6187 | D:5      | Reached skill level 5 in Fighting
  6436 | D:5      | Found a glowing silver altar of Zin.
  6438 | D:5      | Found a shimmering altar of Xom.
  6438 | D:5      | Found a broken altar of Ashenzari.
  6505 | D:5      | Found a burning altar of Makhleb.
  6505 | D:5      | Found an ornate altar of the Wu Jian Council.
  6505 | D:5      | Found a white marble altar of Elyvilon.
  6520 | D:5      | Noticed Ijyb
  6531 | D:5      | Gained mutation: You evolve. [potion of mutation]
  6531 | D:5      | Gained mutation: You have large cloven feet. [potion of
                  | mutation]
  6550 | D:5      | Killed Ijyb
  7565 | D:6      | Reached XP level 8. HP: 44/63 MP: 8/8
  7572 | D:6      | Slain by an ogre

Illustrated notes

Levels and vault maps discovered:
D:1:      minmay_arrival_checkered_box, layout_loops_corners
D:2:      layout_basic, roderic_serpentine_path, minmay_rat_gold_closets
D:3:      layout_rooms, nicolae_ru_sacrificial_ziggurat,
          serial_co_window_serial, co_window_paths_a, co_window_corner_a,
          co_window_paths_b, co_window_paths_a, co_window_paths_a,
          co_window_corner_b, co_window_unsneaky_path_a,
          co_window_of_opportunity_b, co_window_of_opportunity_b,
          co_window_unsneaky_path_c, co_window_4corner_b, co_window_paths_e,
          glass_columns_b, kennysheep_generic_room_3
D:4:      layout_cave_pods, minmay_temple_entry_overgrown, gammafunk_ghost_arena
D:5:      layout_loops_ring, lemuel_doored_altar, serial_shops, shop,
          doesnt_xom_only_xom, uniq_ijyb, uniq_blork_the_orc
D:6:      layout_basic, nicolae_gozag_seed_capital
Temple:   lightli_temple_of_artemis

Skill      XL: |  1  2  3  4  5  6  7 |
---------------+----------------------+-----
Staves         | 3 4 5 |  5.6
Dodging        | 3 4 5 |  5.6
Fighting       | 3 4 5 |  5.7
Throwing       | |  1.7

Action                   |  1- 3 |  4- 6 |  7- 9 || total
-------------------------+-------+-------+-------++-------
Melee: Quarterstaff      |   149 |   141 |   138 ||   428
Throw: Throwing net      |       |       |     3 ||     3
  Use: Potion            |       |     2 |     7 ||     9
 Stab: Sleeping          |     3 |     1 |     1 ||     5
Armor: Leather armour    |    32 |    36 |    40 ||   108
       Skin              |       |    48 |       ||    48
Dodge: Dodged            |    98 |    75 |    89 ||   262
